 Dungeon Crawl Stone Soup version 0.28.0-45-g0d030f2227 (webtiles) character file.

Game seed: 1955269776255816107

46 NinjaNoafa the Skirmisher (level 3, -4/27 (33) HPs)
             Began as a Hill Orc Fighter on Apr 6, 2022.
             Slain by Terence
             ... wielding a +2 short sword of draining
              (6 damage)
             ... on level 2 of the Dungeon.
             The game lasted 00:03:58 (1065 turns).

NinjaNoafa the Skirmisher (Hill Orc Fighter)        Turns: 1065, Time: 00:03:58

HP:   -4/27 (33)    AC:  7    Str: 20    XL:     3   Next: 66%
MP:   3/3           EV:  9    Int:  8    God:
Gold: 62            SH:  4    Dex: 10    Spells: 2/2 levels left

rFire   . . .      SeeInvis .   a - +0 war axe
rCold   . . .      Faith    .   c - +0 buckler
rNeg    . . .      Spirit   .   b - +0 scale mail
rPois   .          Reflect  .   (no helmet)
rElec   .          Harm     .   (no cloak)
rCorr   .          Rampage  .   (no gloves)
Will    .....                   (no boots)
Stlth   ..........              (no amulet)
HPRegen 0.09/turn               (no ring)
MPRegen 0.08/turn               (no ring)

@: mighty, heavily drained
A: no striking features
a: no special abilities


You were on level 2 of the Dungeon.
You visited 1 branch of the dungeon, and saw 2 of its levels.

You collected 62 gold pieces.

Inventory:

Hand Weapons
 a - a +0 war axe (weapon)
 l - a +0 short sword of venom
Missiles
 i - 4 boomerangs (quivered)
Armour
 b - a +0 scale mail (worn)
 c - a +0 buckler (worn)
Scrolls
 e - a scroll of fog {unknown}
 g - a scroll of identify {unknown}
 h - a scroll of magic mapping {unknown}
 j - a scroll of teleportation {unknown}
 k - a scroll of brand weapon {unknown}
Potions
 f - a potion of brilliance {unknown}


   Skills:
 + Level 4.1 Fighting
 + Level 3.2 Axes
 * Level 4.0 Armour
 + Level 3.7 Shields


You had 2 spell levels left.
You didn't know any spells.
Your spell library was empty.

Dungeon Overview and Level Annotations

Branches:
Dungeon (2/15)

Altars:

Shops:
D:1 (:*(

Annotations:
D:2 Terence


Message History

There is a stone staircase leading up here.
No target in view!
As you open the door, it creaks loudly!
Found a stone staircase leading up.
As you open the door, it creaks loudly!
An endoplasm comes into view.
The endoplasm quivers.
Found a stone staircase leading up.
There is an open door here.
You slash the endoplasm!
You kill the endoplasm!
Found a stone staircase leading down.
You now have 62 gold pieces (gained 13).
Terence the Incautious comes into view.
He is wielding a +2 short sword of draining.
Terence shouts!
A hobgoblin comes into view.
Terence hits you with a +2 short sword of draining.
You feel drained.
You barely miss Terence. Terence screams, "I want your blood!"
Terence closely misses you. Terence misses you.
You barely miss Terence.
Terence hits you with a +2 short sword of draining.
You feel drained.
You hit Terence.
Terence is lightly wounded.
Terence hits you with a +2 short sword of draining.
You feel drained.
You barely miss Terence.
Terence is lightly wounded.
You hit the hobgoblin.
Terence hits you with a +2 short sword of draining!
* * * LOW HITPOINT WARNING * * *
You feel drained.
* * * LOW HITPOINT WARNING * * *
You block the hobgoblin's attack. You block Terence's attack.
You feel very mighty all of a sudden. You block the hobgoblin's attack.
Terence hits you with a +2 short sword of draining.
You die...

.# ##.....###.##.##.#
.###......<##.##..#.#
.##.........#.##....#
..'.........+....^..#
.##........)#.##....#
.###.......##.###.#.#
.#
##.....###.......###
.# ##...##
####......# .# ##+##
#@...#.# ## #@g###.#
#..# #... ##.## .# .#
.#


You could see Terence and a hobgoblin.

Vanquished Creatures
  2 dart slugs (D:1)
  2 ball pythons (D:1)
  3 bats (D:1)
  9 endoplasms
  A hobgoblin (D:1)
  8 jackals (D:1)
  3 kobolds (D:1)
  2 frilled lizards (D:1)
  2 goblins (D:1)
  4 rats (D:1)
36 creatures vanquished.

Notes
Turn   | Place    | Note
-------+----------+-------------------------------------------
     0 | D:1      | NinjaNoafa the Hill Orc Fighter began the quest for the
                  | Orb.
     0 | D:1      | Reached XP level 1. HP: 19/19 MP: 1/1
    14 | D:1      | Reached XP level 2. HP: 27/27 MP: 2/2
   118 | D:1      | Found Hiowidghymmyo's Weapon Boutique.
   177 | D:1      | Reached XP level 3. HP: 19/33 MP: 3/3
   489 | D:1      | Found Askegril's Weapon Shop.
   734 | D:1      | Found Woezaira's Book Shop.
   854 | D:1      | Found Xypueweh's General Store.
   915 | D:1      | Found a faded altar of an unknown god.
  1058 | D:2      | Noticed Terence
  1065 | D:2      | Slain by Terence

Illustrated notes

Levels and vault maps discovered:
D:1:      heliophobic_arrival_henge, layout_rooms, serial_shops, shop_statue,
          nicolae_shop_hallway_stairs, shop, nicolae_shop_bloodbath_and_beyond,
          dreamdust_ecumenical_altar_hidden_monk_grotto
D:2:      layout_loops_corners, uniq_terence

Skill      XL: |  1  2  3 |
---------------+----------+-----
Axes           | 3 |  3.2
Fighting       | 4 |  4.1
Armour         | 4 |  4.0
Shields        | |  3.7

Action                   || total
-------------------------++-------
Melee: War axe           ||    67
Throw: Boomerang         ||    15
  Use: Potion            ||     1
Armor: Scale mail        ||    45
Dodge: Dodged            ||    48
Block: Buckler           ||    25
